 Dungeon Crawl Stone Soup version 0.18.1-51-gd549091e01 (webtiles) character file.

23 mrath the Digger (level 2, 0/15 HPs)
             Began as a Gargoyle Earth Elementalist on Aug 11, 2020.
             Slain by an adder (3 damage)
             ... on level 2 of the Dungeon.
             The game lasted 00:09:35 (1234 turns).

mrath the Digger (Gargoyle Earth Elementalist)      Turns: 1234, Time: 00:09:35

Health: 0/15       AC:  4    Str: 11    XL:     2   Next: 95%
Magic:  3/5        EV: 12    Int: 15    God:
Gold:   86         SH:  0    Dex: 10    Spells: 1 memorised, 4 levels left

rFire  . . .     SeeInvis .     f - +0 club
rCold  . . .     Gourm    .     a - +0 robe
rNeg   + . .     Faith    .     (no shield)
rPois  ∞         Spirit   .     (no helmet)
rElec  +         Dismiss  .     (no cloak)
rCorr  .         Reflect  .     (no gloves)
SustAt .         Harm     .     (no boots)
MR     .....                    (no amulet)
Stlth  ++........               (no ring)
                                (no ring)

@: not resistant to hostile enchantments, unstealthy
A: negative energy resistance 1, electricity resistance, unbreathing,
petrification resistance, rot immunity, AC +2
a: no special abilities


You were on level 2 of the Dungeon.
You were hungry.

You visited 1 branch of the dungeon, and saw 2 of its levels.

You collected 86 gold pieces.

Inventory:

Hand Weapons
 f - a +0 club (weapon)
Missiles
 b - 40 stones (quivered)
Armour
 a - a +0 robe (worn)
Jewellery
 g - an uncursed amulet of harm {unknown}
Scrolls
 e - a scroll of amnesia {unknown}
 h - 2 scrolls of identify {unknown}
 k - a scroll of enchant armour {unknown}
Potions
 l - a potion of curing {unknown}
Books
 c - a book of Geomancy

   Spells                             Type                      Level
   a - Sandblast                      Earth                        1
   b - Passwall                       Transmutation/Earth          2
   c - Stone Arrow                    Conjuration/Earth            3
   d - Petrify                        Transmutation/Earth          4
   e - Lee's Rapid Deconstruction     Earth                        5
Comestibles
 d - a bread ration
 i - 5 chunks of flesh
 j - 2 fruits


   Skills:
 - Level 1.5 Dodging
 - Level 2.1 Stealth
 + Level 2.1 Spellcasting
   Level 0.7 Transmutations
 * Level 4.7 Earth Magic


You had 4 spell levels left.
You knew the following spells:

 Your Spells              Type           Power        Failure   Level  Hunger
a - Sandblast             Erth           ###...       3%          1    #......


Dungeon Overview and Level Annotations

Branches:
Dungeon (2/15)

Altars:
Ashenzari


Innate Abilities, Weirdness & Mutations

You are resistant to torment.
Your stone body is resilient (AC +2).
You are immune to poison.
You resist negative energy.
You are resistant to electric shocks.
You can survive without breathing.
You are immune to petrification.
You are immune to rotting.


Message History

The blast of sand hits the adder.
The adder is heavily wounded.
The adder barely misses you.
Casting: Sandblast
Confirm with . or Enter, or press ? or * to list all spells.
Aiming: Sandblast
Press: ? - help, Shift-Dir - straight line, f/p - adder
Aim: an adder (heavily wounded)
The blast of sand misses the adder.
The adder closely misses you. The adder closely misses you.
The adder bites you but does no damage.
You see here a dagger.
The adder bites you.
* * * LOW HITPOINT WARNING * * *
There is a stone staircase leading up here.
The adder closely misses you. The adder bites you but does no damage.
The adder bites you but does no damage. The adder bites you.
You die...

######## #######
#@.....# ###......
#S#.##.# #.....##.
#.#.##.###.#.#.##.
#g#.[#.......#....
#.##.#.###........
#.##.#[# #.##.....
#......# #.###....
###...## ... ##..#
##.#.#.##....#####


You could see an adder and a goblin.

Vanquished Creatures
  A dart slug (D:1)
  3 goblins
  6 hobgoblins
  3 jackals (D:2)
  A giant newt (D:1)
  2 kobolds (D:1)
  2 rats (D:1)
18 creatures vanquished.

Notes
Turn   | Place    | Note
--------------------------------------------------------------
     0 | D:1      | mrath the Gargoyle Earth Elementalist began the quest for the Orb.
     0 | D:1      | Reached XP level 1. HP: 10/10 MP: 3/3
   144 | D:1      | Reached skill level 4 in Earth Magic
   243 | D:1      | Reached XP level 2. HP: 6/15 MP: 0/5
  1003 | D:2      | Found a shattered altar of Ashenzari.
  1234 | D:2      | Slain by an adder

Skill      XL: |  1 |
---------------+----+-----
Earth Magic    | 4 |  4.7
Dodging        | |  1.5
Stealth        | |  2.1
Spellcasting   | |  2.1
Transmutations | |  0.7

Action                   || total
-------------------------++-------
Melee: Club              ||    19
Throw: Stone             ||     2
 Cast: Sandblast         ||    46
 Stab: Distracted        ||     1
  Eat: Chunk             ||     1
Armor: Robe              ||    23
Dodge: Dodged            ||    46
